[Event "Late-Titled-Tuesday-Blitz-January-30-2024"]
[Site "Chess.com"]
[Date "2024.01.30"]
[Round "7"]
[White "temus_galaktionov"]
[Black "Mazetovic"]
[Result "1-0"]
[WhiteElo "2890"]
[BlackElo "2625"]
[TimeControl "180+1"]
[EndTime "15:18:19 PST"]
[Termination "temus_galaktionov won by resignation"]

1. d4 Nf6 2. Nf3 g6 3. c4 Bg7 4.
Nc3 d6 5. e4 O-O 6. Be2 Na6 7.
O-O e5 8. Be3 c6 9. d5 Ng4 10.
Bg5 f6 11. Bh4 c5 12. a3 h5 13. h3 Nh6 14. Ne1 Nf7 15. Nd3 Bh6 16. b4 b6 17.
Qa4 Bd2 18. Qc2 Bxc3 19. Qxc3 g5 20. Bg3 h4 21. Bh2 f5 22. f3 Bd7 23. Nf2 Nh6 24. Bd3 g4 25. fxg4 fxg4 26. Qd2 Kh7 27. Nxg4 Bxg4 28.
hxg4 Nxg4 29. Rxf8 Qxf8 30. Rf1 Qg7 31. Rf5 Qh6 32. Rf7+ Kg6 33. Qxh6+ Kxh6 34. Rd7 cxb4 35. Rxd6+ Kg5 36. axb4 Nxb4 37. Be2 Nc2 38. Bxg4 Kxg4 39. Bxe5 Ne3 40. Rg6+ Kh5 41. Rg7 Rf8 42. g3 Rf1+ 43.
Kh2 Ng4+ 44. Kg2 Rf2+ 45. Kg1 h3 46. Rh7+ Kg6 47. Rxh3 Re2 48. Bf4 Rxe4 49. Rh4 Kf5 50. Rh5+ Kf6 51. d6 Rxc4 52. Rd5 Rc8 53. d7 Rd8 54.
Bg5+ Ke6 55. Bxd8 Ne5 56. Bxb6 Nxd7 57. Rxd7 Kxd7 58. Bxa7 Ke6 59. Bf2 1-0

[Event "Late-Titled-Tuesday-Blitz-January-30-2024"]
[Site "Chess.com"]
[Date "2024.01.30"]
[Round "7"]
[White "koncheto"]
[Black "GianmarcoVaR"]
[Result "0-1"]
[WhiteElo "2506"]
[BlackElo "2662"]
[TimeControl "180+1"]
[EndTime "15:18:20 PST"]
[Termination "GianmarcoVaR won by resignation"]

1. e4 c6 2. d4 d5 3. Nc3 dxe4 4. Nxe4 Nf6 5. Nxf6+ exf6 6. c3 Bd6 7. Bd3 O-O 8. Ne2 Re8 9. O-O Nd7 10. Ng3 Nf8 11. f4 c5 12. d5 Qc7 13. c4 b5 14. b3 bxc4 15. bxc4 Rb8 16. Ne4 Nd7 17. Qf3 Nb6 18. Nxd6 Qxd6 19. f5 Nd7 20. Bd2 Ne5 21. Qg3 Kh8 22.
Bc3 Bd7 23. Rae1 Rb6 24. Re2 Ra6 25. Rfe1 Ra3 26. Bb2 Ra4 27. Bxe5 fxe5 28. Rxe5 Rxe5 29. Rxe5 Qf6 30. Qe3 h6 31. Re7 Bxf5 32. Re8+ Kh7 33. Bxf5+ Qxf5 34. h3 Rxc4 35. d6 Rd4 36. Rd8 Qd5 37.
Qg3 Qf5 38. Kh2 Rd3 39. Qe1 Qf4+ 40. Kh1 Rxd6 41. Rxd6 Qxd6 42. Qb1+ g6 43. Qe4 Qc7 44. Qc4 Kg7 45. Kg1 Qd6 46. Kh1 Qd1+ 47. Kh2 Qd6+ 48. Kh1 Qe5 49. a4 Qd4 50. Qa6 c4 51. Qc6 c3 52.
Qd7 Qxd7 0-1

[Event "Late-Titled-Tuesday-Blitz-January-30-2024"]
[Site "Chess.com"]
[Date "2024.01.30"]
[Round "7"]
[White "winniethepooh04"]
[Black "sari07"]
[Result "0-1"]
[WhiteElo "2519"]
[BlackElo "2420"]
[TimeControl "180+1"]
[EndTime "15:18:20 PST"]
[Termination "sari07 won by checkmate"]

1. d4 d5 2. Nf3 Nf6 3. Bf4 c5 4. e3 Nc6 5. c3 Qb6 6. Qc2 Bf5 7. dxc5 Bxc2 8. cxb6 axb6 9. Na3 Bf5 10. Nb5 O-O-O 11. a4 e6 12. Bc7 Re8 13. Bxb6 Nd7 14. a5 Nxb6 15. axb6 Bc5 16. Be2 Kd7 17. Nbd4 Bg6 18. Bb5 Bxb6 19. Ne5+ Kd6 20. Nexc6 bxc6 21. Bxc6 Rc8 22. Ba4 Bd3 23. Bb5 Ra8 24. Kd2 Be4 25. f3 Bg6 26. Bd3 e5 27. Ne2 f5 28. h4 e4 29. fxe4 fxe4 30. Bc2 Rhf8 31. Nf4 Bf7 32. Rhd1 Ke5 33. Ke2 g6 34. Bb3 Rxa1 35. Rxa1 h6 36.
Rd1 Rd8 37. g4 g5 38. hxg5 hxg5 39. Ng2 Be6 40. Ne1 Bxg4+ 41. Kd2 Bxd1 42. Kxd1 Bxe3 43. Ke2 Bb6 44. Ng2 Kf5 45. Bd1 d4 46. cxd4 Bxd4 47.
b4 Rb8 48. Kd2 Rxb4 49. Kc2 Rb2+ 50. Kc1 Rxg2 51. Kb1 Be3 52. Ba4 Rd2 53. Bc6 Rd4 54.
Ka2 Kf4 55. Bb5 g4 56. Bf1 g3 57. Kb3 Kf3 58. Kc3 Kf2 59. Bh3 g2 60. Bxg2 Kxg2 61. Kb3 Kf2 62. Kc3 Ke2 63. Kb3 Kd2 64. Ka3 Kd3 65. Kb3 Rd5 66. Ka3 Rc5 67. Kb4 Kd4 68. Ka4 Bd2 69. Kb3 e3 70. Kb2 e2 71. Ka3 e1=Q 72.
Kb3 Qb1+ 73. Ka4 Ra5# 0-1

[Event "Late-Titled-Tuesday-Blitz-January-30-2024"]
[Site "Chess.com"]
[Date "2024.01.30"]
[Round "7"]
[White "TheMagician"]
[Black "Kombinator01"]
[Result "1-0"]
[WhiteElo "2231"]
[BlackElo "2465"]
[TimeControl "180+1"]
[EndTime "15:18:21 PST"]
[Termination "TheMagician won by checkmate"]

1. e4 e5 2. Nf3 Nc6 3. Bc4 Bc5 4. d3 Nf6 5. O-O d6 6. c3 a6 7. a4 Bg4 8. Bg5 h6 9. Bxf6 Qxf6 10. Nbd2 g5 11. b4 Ba7 12. a5 Ne7 13. b5 axb5 14. Bxb5+ c6 15. Bc4 Bh5 16. Qb3 O-O 17. Qxb7 Rfb8 18.
Qd7 Rd8 19. Qh3 Bxf3 20. Qxf3 Qg7 21. Rfb1 g4 22. Qe2 Rd7 23. a6 h5 24. Rb7 Rxb7 25. axb7 Bxf2+ 26. Kxf2 Rxa1 27. b8=Q+ Kh7 28. Qxd6 Ng6 29. g3 Rh1 30. Kg2 Rc1 31. Nf1 h4 32. Qxg4 Nf4+ 33. Qxf4 exf4 34. Qxf4 Rc2+ 35. Kh3 hxg3 36.
Nxg3 Kg8 37. Qb8+ Kh7 38. Qf4 Kg8 39. Nf5 Qg2+ 40. Kh4 Qxh2+ 41. Qxh2 Rxh2+ 42. Kg5 Rc2 43. Kf6 Rxc3 44. Bxf7+ Kf8 45. Bc4 c5 46. e5 Rc1 47.
e6 Re1 48. e7+ Rxe7 49. Nxe7 Ke8 50. Ke6 Kd8 51. Kd6 Ke8 52. Nf5 Kd8 53. Be6 Ke8 54. Kxc5 Kd8 55. d4 Kc7 56. d5 Kd8 57. d6 Ke8 58.
d7+ Kd8 59. Kd5 Kc7 60. Ke5 Kd8 61. Kf6 Kc7 62. Ke7 Kb6 63. d8=Q+ Kc5 64. Qd4+ Kc6 65. Bd7+ Kc7 66. Nd6 Kb8 67. Qb6+ Ka8 68. Qb7# 1-0

[Event "Late-Titled-Tuesday-Blitz-January-30-2024"]
[Site "Chess.com"]
[Date "2024.01.30"]
[Round "7"]
[White "DenLaz"]
[Black "Njal28"]
[Result "0-1"]
[WhiteElo "3043"]
[BlackElo "3060"]
[TimeControl "180+1"]
[EndTime "15:18:22 PST"]
[Termination "Njal28 won by resignation"]

1. d4 Nf6 2. c4 e6 3. Nf3 d5 4. g3 Be7 5. Bg2 O-O 6. O-O dxc4 7.
Qc2 a6 8. a4 Bd7 9. Qxc4 Bc6 10. Bg5 a5 11. Rd1 Nbd7 12. Nc3 Ra6 13. e3 Rb6 14. Qe2 Bxf3 15. Bxf3 c6 16. e4 Nxe4 17. Be3 Nef6 18. d5 exd5 19. Bxb6 Nxb6 20. Kg2 Re8 21. Qc2 Bb4 22. Re1 g6 23. Rxe8+ Qxe8 24. Rd1 Nc4 25. Na2 Bd6 26. b3 Ne5 27. Re1 Qd8 28. Qc3 Nxf3 29.
Qxf3 Ne4 30. Qd3 Qb6 31. Re2 Bf8 32. Nc1 Bh6 33. f3 Nd6 34. Na2 Bg7 35. g4 h6 36. Qe3 d4 37. Qd3 Qc5 38. Rc2 Qg5 39. Qd2 Qd5 40. Qd3 h5 41. h3 h4 42. Re2 b5 43.
Nc1 bxa4 44. bxa4 c5 45. Qb3 c4 46. Qb8+ Bf8 47. Rd2 d3 48. Qb2 Bg7 49. Qb8+ Kh7 50. Rd1 Qe5 51. Qb6 Qg3+ 52. Kh1 Qxf3+ 0-1

[Event "Late-Titled-Tuesday-Blitz-January-30-2024"]
[Site "Chess.com"]
[Date "2024.01.30"]
[Round "7"]
[White "GiorgianBarbosa"]
[Black "Arteler"]
[Result "1-0"]
[WhiteElo "2469"]
[BlackElo "2560"]
[TimeControl "180+1"]
[EndTime "15:18:25 PST"]
[Termination "GiorgianBarbosa won by resignation"]

1. c4 c6 2. g3 d5 3. Bg2 Nf6 4. Nf3 Bg4 5. Ne5 Bh5 6. cxd5 cxd5 7. O-O e6 8. d4 Nc6 9. Nxc6 bxc6 10. Qc2 Rc8 11.
Bg5 Be7 12. Nc3 c5 13. e4 cxd4 14. Qa4+ Qd7 15. Qxd4 dxe4 16. Bxf6 Bxf6 17. Qxe4 Bxc3 18. bxc3 Rxc3 19. Qe5 Rc2 20. Qxh5 O-O 21. a4 g6 22. Qe5 Rfc8 23. Qa5 R8c5 24. Qb4 a5 25. Qf4 Kg7 26. h4 R2c4 27. Qe3 Qd4 28. Qxd4+ Rxd4 29. Rfd1 Rb4 30. Rdb1 Rd4 31. Rb5 Rxa4 32. Rxc5 Rxa1+ 33. Bf1 a4 34. Ra5 h6 35. Kg2 a3 36. g4 Kf6 37. g5+ hxg5 38.
hxg5+ Ke7 39. Ra7+ Kd6 40. Rxf7 Ke5 41. Ra7 Kf4 42. Ra5 e5 43. Bd3 e4 44. Ra4 Re1 45.
Bc2 Kxg5 46. Rxa3 Re2 47. Rc3 e3 48. Rc5+ Kf4 49. Rc4+ Kg5 50. Kg3 exf2 51. Rc5+ Kf6 52. Kg2 g5 53. Bd3 Rd2 54. Bf1 Kg6 55. Rc3 g4 56. Re3 Kg5 57. Be2 Kf4 58. Re8 g3 59. Bf1 Rd1 60. Rf8+ Kg4 61. Rg8+ Kf4 62. Rf8+ Kg4 63. Be2+ 1-0

[Event "Late-Titled-Tuesday-Blitz-January-30-2024"]
[Site "Chess.com"]
[Date "2024.01.30"]
[Round "7"]
[White "Sebastian"]
[Black "lachesisQ"]
[Result "0-1"]
[WhiteElo "2951"]
[BlackElo "3113"]
[TimeControl "180+1"]
[EndTime "15:18:26 PST"]
[Termination "lachesisQ won by resignation"]

1. e4 e5 2. Nf3 Nc6 3. Bb5 a6 4. Ba4 Nf6 5. O-O Bc5 6. c3 Ba7 7. d4 b5 8. Bc2 d6 9. h3 O-O 10. Re1 h6 11. Be3 Bb7 12. Nbd2 Re8 13. a3 exd4 14. cxd4 Ne7 15. Rc1 Ng6 16. d5 Bxe3 17.
Rxe3 c5 18. dxc6 Bxc6 19. Nd4 Bb7 20. Qe1 Rc8 21. Bb1 Rxc1 22. Qxc1 d5 23. e5 Nxe5 24. b3 Qb6 25. Qb2 Ned7 26. Rxe8+ Nxe8 27. N2f3 Nd6 28. Qd2 Ne4 29. Qf4 Qd6 30. Qxd6 Nxd6 31. Kf1 Ne4 32. Ke1 f6 33. Nd2 Nd6 34. Ke2 Kf7 35.
h4 g5 36. hxg5 hxg5 37. g3 Nc5 38. f4 Nce4 39. Bxe4 dxe4 40. Ke3 Kg6 41. Nb1 Kh5 42. Nc3 Kg4 43. Nce2 Bd5 44. Kf2 Bf7 45. Ke3 a5 46. Kf2 a4 47. bxa4 bxa4 48. fxg5 fxg5 49. Nc2 Nf5 50. Ne3+ Nxe3 51. Kxe3 Bc4 52. Nc3 Bd3 53. Nxa4 Kxg3 54. Nc5 g4 55. a4 Kh2 56. Ne6 Ba6 57. a5 g3 58. Nf4 Bb7 59. Ne2 Ba8 60. Kd2 g2 61. Ke3 g1=Q+ 62. Nxg1 Kxg1 63. a6 Kg2 64. a7 Kg3 0-1

[Event "Late-Titled-Tuesday-Blitz-January-30-2024"]
[Site "Chess.com"]
[Date "2024.01.30"]
[Round "7"]
[White "j_coca"]
[Black "kai_nov"]
[Result "0-1"]
[WhiteElo "2466"]
[BlackElo "2313"]
[TimeControl "180+1"]
[EndTime "15:18:26 PST"]
[Termination "kai_nov won by resignation"]

1. f4 c5 2. Nf3 g6 3. e3 Bg7 4. d4 d5 5. c3 Nf6 6. Bd3 O-O 7.
Nbd2 b6 8. O-O Ba6 9. Bxa6 Nxa6 10. Ne5 Qd6 11. a3 Nc7 12. Rf3 Nd7 13. Rh3 f6 14. Nef3 e5 15. fxe5 fxe5 16. Nf1 e4 17. Ne1 Rf7 18.
Qe2 Raf8 19. Ng3 Qf6 20. Bd2 Qf2+ 21. Qxf2 Rxf2 22. Rd1 h5 23. Nf3 R2xf3 24. gxf3 exf3 25. Rf1 Ne6 26. Nh1 Ng5 27. Rg3 Ne4 28. Be1 Nxg3 29. Bxg3 g5 30. h4 g4 31. Bf4 cxd4 32. cxd4 Rc8 33.
Ng3 Bf6 34. Nxh5 Bxh4 35. Bg3 Bxg3 36. Nxg3 Nf6 37. Nf5 Kh7 38. Kf2 Ne4+ 39. Kg1 Rc2 40. b4 Kg6 41. Nh4+ Kg5 42. Nxf3+ gxf3 43. Rxf3 Ra2 44.
Rf8 Rxa3 45. Re8 Nf6 46. Re5+ Kg4 47. Re6 Kf5 48. Re5+ Kg6 49. Kf1 Rb3 50. Ke2 Rxb4 51. Kf3 a5 52. Kf4 Rb1 53. Rg5+ Kf7 54. Ke5 Re1 55. Rg3 a4 56. Rf3 Ke7 57. Rh3 a3 58. Rg3 Kf7 59. Rf3 Ke7 60. Rg3 Nd7+ 61. Kxd5 a2 62. Rg7+ Ke8 63. Rg8+ Nf8 64. e4 a1=Q 65. Rg5 Qa5+ 66. Kc6 Qxg5 67. e5 Rxe5 68. dxe5 Qxe5 69. Kxb6 Qd5 70. Kc7 Ke7 0-1

[Event "Late-Titled-Tuesday-Blitz-January-30-2024"]
[Site "Chess.com"]
[Date "2024.01.30"]
[Round "7"]
[White "Baby_Legs"]
[Black "ChessBrainiacOnTwitch"]
[Result "1-0"]
[WhiteElo "2619"]
[BlackElo "2778"]
[TimeControl "180+1"]
[EndTime "15:18:27 PST"]
[Termination "Baby_Legs won by resignation"]

1. d4 Nf6 2. Nf3 g6 3. Nbd2 Bg7 4. e4 d6 5. Bb5+ c6 6. Bd3 O-O 7. O-O Nbd7 8. Re1 e5 9. c3 Re8 10. Nf1 Qc7 11. h3 b5 12. a4 Bb7 13. axb5 cxb5 14. d5 a6 15. Bd2 Nc5 16. Bc2 a5 17. Ng3 Nfd7 18. h4 h5 19. Ng5 Nf6 20. Qf3 Bc8 21. Qe3 Bd7 22. Bd1 Rab8 23. b4 axb4 24. cxb4 Na4 25.
Be2 Rec8 26. Rec1 Qb7 27. Qb3 Nb6 28. Be3 Ng4 29. Bxg4 Bxg4 30. Rc6 Na4 31. Rac1 Bd7 32. Rxd6 Rxc1+ 33. Bxc1 Qc7 34. Rxd7 Qxd7 35. Be3 Rc8 36. d6 Rc4 37. Qd3 Bf8 38. Qd5 Bxd6 39. Nxf7 Qxf7 40.
Qxd6 Nc3 41. Qxe5 Qg7 42. Qb8+ Kh7 43. Bf4 Nxe4 44. Be5 Nf6 45. Qxb5 Rc1+ 46. Nf1 Qf7 47. Qb8 Rc6 48. b5 Re6 49. Bd4 Re4 50. Bc3 Re8 51. Qf4 Re6 52. Ne3 Qe7 53. Qd4 Rd6 54. Qb4 Qd7 55. b6 Ne4 56. Qxe4 Rxb6 57. Qe5 Rb8 58.
Qxb8 1-0

[Event "Late-Titled-Tuesday-Blitz-January-30-2024"]
[Site "Chess.com"]
[Date "2024.01.30"]
[Round "7"]
[White "Nick12772"]
[Black "RantomOpening"]
[Result "1-0"]
[WhiteElo "2389"]
[BlackElo "2526"]
[TimeControl "180+1"]
[EndTime "15:18:27 PST"]
[Termination "Nick12772 won by resignation"]

1. Nf3 d5 2. g3 e6 3. Bg2 Nf6 4. O-O c5 5. d4 cxd4 6. Nxd4 e5 7. Nf3 Nc6 8. c4 Be6 9. Nc3 d4 10. Nd5 Nxd5 11. cxd5 Bxd5 12. e3 dxe3 13. Bxe3 f6 14. Qa4 Qc7 15. Rfd1 Be6 16. Rac1 Rc8 17. Bxa7 Be7 18.
Bc5 O-O 19. Bxe7 Qxe7 20. a3 Rfd8 21. Qb5 Bg4 22. Rxd8+ Rxd8 23. h3 Bxf3 24. Bxf3 Nd4 25. Qc4+ Kh8 26. Bg2 b5 27. Qc7 Ne2+ 28. Kh2 Qf8 29.
Rc2 Nd4 30. Rc1 h6 31. Qc5 Qe8 32. Qc7 Qf8 33. Qc5 Qe8 34. Qc7 f5 35. Re1 e4 36.
Qc5 Qf8 37. Qxf8+ Rxf8 38. Rd1 Rd8 39. g4 Rd6 40. gxf5 Nxf5 41. Rxd6 Nxd6 42. Kg3 g5 43. h4 Nf5+ 44. Kg4 Nxh4 45. Bxe4 Kg7 46. Bc6 Ng6 47. Bxb5 Nf4 48. a4 Kg6 49. a5 h5+ 50. Kf3 h4 51. a6 Nd5 52. a7 Nc7 53. Bc6 Kf5 54. a8=Q g4+ 55. Kg2 Nxa8 56. Bxa8 Kf4 57. Bc6 Ke5 58.
b4 Kd6 59. b5 Kc5 60. Kf1 Kb6 61. Ke2 g3 62. fxg3 hxg3 63. Kf3 Kc5 64. Kxg3 Kb6 65.
Kf4 Kc7 66. Ke5 Kb6 67. Kd5 Kc7 68. Kc5 Kb8 69. Kb6 Kc8 70. Bd5 Kb8 71. Bb3 Ka8 72. Kc7 Ka7 73. b6+ Ka6 74. b7 Ka5 75. b8=Q 1-0

[Event "Late-Titled-Tuesday-Blitz-January-30-2024"]
[Site "Chess.com"]
[Date "2024.01.30"]
[Round "7"]
[White "GMBenjaminBok"]
[Black "HansOnTwitch"]
[Result "0-1"]
[WhiteElo "2942"]
[BlackElo "3213"]
[TimeControl "180+1"]
[EndTime "15:18:28 PST"]
[Termination "HansOnTwitch won on time"]

1. d4 Nf6 2. c4 e6 3. Nc3 Bb4 4. Qc2 d6 5. e3 O-O 6. Bd3 c5 7. Ne2 Nc6 8. O-O Bxc3 9. Qxc3 e5 10. d5 Ne7 11. Ng3 Ng6 12. b3 h5 13. f4 h4 14. Ne4 Nxe4 15. Bxe4 f5 16. Bc2 Bd7 17. Bb2 Qe7 18. Rae1 Rae8 19. Qd2 b5 20.
Qd1 bxc4 21. bxc4 Qf7 22. Qh5 exf4 23. exf4 Rxe1 24. Rxe1 Re8 25. Rxe8+ Qxe8 26. Kf2 Qf7 27. Qg5 Kh7 28. g4 hxg3+ 29. hxg3 Ne7 30. Bc3 Ng8 31. Bd1 Nh6 32. Bh5 Qf8 33. Bg6+ Kg8 34. Bh5 Kh7 35. Qg6+ Kg8 36. Kg2 Qe7 37. Kf2 Qf8 38. Bf3 Qe7 39. Qg5 Qxg5 40. fxg5 Nf7 41. g6 Ne5 42. Be2 Kf8 43.
Bd2 Nxg6 44. Bh5 Ne5 45. Be2 Ke7 46. Bg5+ Kf7 47. Bd8 Ba4 48. Ke3 Bc2 49. Kd2 Bb1 50. a3 Be4 51. Bc7 Ke7 52. Ba5 g5 53. Ke3 Bb1 54.
Kd2 Ba2 55. Kc3 f4 56. gxf4 gxf4 57. Bf1 f3 58. a4 f2 59. Be2 Bxc4 0-1

[Event "Late-Titled-Tuesday-Blitz-January-30-2024"]
[Site "Chess.com"]
[Date "2024.01.30"]
[Round "7"]
[White "GMWSO"]
[Black "VladimirKramnik"]
[Result "1-0"]
[WhiteElo "3098"]
[BlackElo "2933"]
[TimeControl "180+1"]
[EndTime "15:18:28 PST"]
[Termination "GMWSO won on time"]

1. d4 e6 2. e4 d5 3. e5 c5 4. c3 Nc6 5. Nf3 Qb6 6. a3 c4 7. Nbd2 Na5 8. h4 Bd7 9. h5 O-O-O 10. Rb1 Kb8 11. g3 Nh6 12. Bh3 Be7 13. O-O g5 14. Nh2 Rhg8 15. Ng4 Nxg4 16. Bxg4 h6 17. Re1 Rdf8 18.
Nf3 Qb3 19. Qxb3 Nxb3 20. Be3 Ba4 21. Nh2 Na5 22. Rbc1 Nb3 23. Rcd1 b5 24. Bh3 a5 25. Ng4 b4 26. axb4 axb4 27. Kh2 Kc7 28. f4 gxf4 29.
Bxf4 Bg5 30. Rf1 bxc3 31. bxc3 Bxf4 32. Rxf4 Rg5 33. Nf6 Ra8 34. g4 Nc5 35. Ra1 Nd3 36. Rff1 Nxe5 37. dxe5 Rxe5 38. Ra3 Bc6 39. Rxa8 Bxa8 40.
Ng8 Re2+ 41. Kg3 d4 42. cxd4 c3 43. Nxh6 c2 44. Nxf7 Be4 45. Ne5 Rd2 46. Rc1 Rd1 47. Rxc2+ Bxc2 48. g5 Kd6 49. g6 Ke7 50. h6 Rxd4 51.
h7 Rd8 52. Nc6+ Kf6 53. Nxd8 Kg7 54. Nf7 1-0

[Event "Late-Titled-Tuesday-Blitz-January-30-2024"]
[Site "Chess.com"]
[Date "2024.01.30"]
[Round "7"]
[White "Durarbayli"]
[Black "Kildepiotr"]
[Result "0-1"]
[WhiteElo "2889"]
[BlackElo "2712"]
[TimeControl "180+1"]
[EndTime "15:18:29 PST"]
[Termination "Kildepiotr won on time"]

1. e4 e6 2. d4 d5 3. Nc3 Bb4 4. e5 b6 5. h4 h5 6. Bg5 Qd7 7. Rh3 Ne7 8. a3 Bxc3+ 9. Rxc3 Ba6 10. Nh3 Bxf1 11. Kxf1 Ng6 12. Qe2 Nc6 13. Rd1 Nce7 14. Qa6 c6 15. Kg1 Nf5 16. g3 Rc8 17. Rf3 c5 18. c3 c4 19. a4 O-O 20. Qb5 Qb7 21. Qb4 f6 22. Bf4 fxe5 23. Bxe5 Nxe5 24. dxe5 d4 25. Rf4 d3 26. Ng5 Qd5 27. Re4 Rc5 28. b3 Rfc8 29. bxc4 Rxc4 30. Rxc4 Rxc4 31. Qb5 Qxb5 32.
axb5 Rxc3 33. Nxe6 Kf7 34. Nf4 Nd4 35. Kg2 Nxb5 36. Nxd3 Ke6 37. Nf4+ Kxe5 38. Nxh5 Nd4 39. Nxg7 a5 40. h5 Rc7 41. h6 Rc8 42. f4+ Ke4 43. Re1+ Kd5 44. Ne8 Rc2+ 45. Kh3 Nf3 46. h7 Rh2+ 47. Kg4 Nxe1 48. f5 Ke5 49. Kg5 Rxh7 50. Kg6 Rh8 51. Ng7 Nf3 52. f6 Nd4 53. g4 Ne6 54. g5 Nxg5 55. Kxg5 Rf8 56. Nh5 a4 57.
Kg6 a3 58. Kg7 Rxf6 59. Nxf6 a2 0-1

[Event "Late-Titled-Tuesday-Blitz-January-30-2024"]
[Site "Chess.com"]
[Date "2024.01.30"]
[Round "7"]
[White "Hamisandwich"]
[Black "LittleChessFan"]
[Result "1-0"]
[WhiteElo "2722"]
[BlackElo "2307"]
[TimeControl "180+1"]
[EndTime "15:18:29 PST"]
[Termination "Hamisandwich won by checkmate"]

1. c3 d5 2. d3 c5 3. g3 Nc6 4.
Bg2 Nf6 5. Bg5 Bg4 6. Bxf6 exf6 7. Qb3 Ne7 8. Qb5+ Qd7 9. Qxc5 g6 10. Nd2 Bg7 11.
Ngf3 O-O 12. Nd4 Be6 13. O-O f5 14. N2b3 Kh8 15. Qb5 Nc6 16. Nxe6 Qxe6 17. Nc5 Qxe2 18. Rfe1 Qh5 19. Nd7 Rfc8 20. Qxb7 f4 21. d4 f3 22.
Bf1 Na5 23. Qa6 Nc4 24. Re7 Kg8 25. Rae1 Nd2 26. Qd3 Nxf1 27. Qxf1 a5 28. Ne5 Bf6 29. Rxf7 Bxe5 30. Rxe5 Qxe5 31. dxe5 Kxf7 32. Qd3 Kg7 33. Qxf3 Rd8 34. Qf6+ Kg8 35. e6 Rf8 36. Qe5 Rf5 37.
Qd6 Re8 38. Qd7 Kf8 39. g4 Rf6 40. Qd6+ Re7 41. Qd8+ Re8 42. Qxf6+ Kg8 43. Qf7+ Kh8 44. Qxe8+ Kg7 45. Qd7+ Kh6 46. e7 d4 47. Qxd4 a4 48.
Qxa4 Kg5 49. Qe4 Kh4 50. g5+ Kh3 51. Qg2+ Kh4 52. e8=Q Kh5 53. Qe2+ Kh4 54. c4 h5 55.
gxh6 g5 56. h3 g4 57. Qexg4# 1-0

[Event "Late-Titled-Tuesday-Blitz-January-30-2024"]
[Site "Chess.com"]
[Date "2024.01.30"]
[Round "7"]
[White "rasmussvane"]
[Black "aghasiyevkamal"]
[Result "1-0"]
[WhiteElo "2961"]
[BlackElo "2669"]
[TimeControl "180+1"]
[EndTime "15:18:31 PST"]
[Termination "rasmussvane won on time"]

1. Nf3 d5 2. g3 Nf6 3. Bg2 e6 4. O-O Be7 5. c4 O-O 6. b3 c5 7. cxd5 Nxd5 8. Nc3 Nf6 9. d4 Nc6 10.
dxc5 Bxc5 11. Bb2 Qe7 12. Rc1 Bd7 13. Ne1 Rfd8 14. Nd3 Ba3 15. Qc2 Nd4 16. Qb1 Bc6 17.
Bxc6 Nxc6 18. Rfd1 Rd7 19. Na4 Nd4 20. Bxd4 Rxd4 21.
Rc2 b6 22. Nc3 a6 23. e3 Rd7 24. Ne5 Rc7 25. Nc4 Bc5 26. Na4 b5 27. Nxc5 Qxc5 28. Na3 Qe5 29. Rxc7 Qxc7 30. Qc1 Qe7 31. Nc2 Rc8 32. Qb2 Ne4 33. Ne1 h6 34. Nf3 Nc3 35. Rd3 b4 36. Kg2 Qb7 37. Qd2 Kh7 38. h3 Rc7 39. g4 Ne4 40. Qd1 Rc3 41. Rd7 Qc6 42. Rxf7 Ng5 43. Rf8 Qe4 44. Qd8 Rc2 45. Rh8+ Kg6 46.
Qe8+ Nf7 47. Rf8 Rc7 48. Kg3 Kf6 49. Qd8+ Re7 50. h4 g5 51. hxg5+ hxg5 52. Nxg5 Qe5+ 53. f4 Qxe3+ 54. Nf3 Qc1 55. g5+ Kf5 56. Qxe7 Qxf4+ 57. Kf2 1-0

[Event "Late-Titled-Tuesday-Blitz-January-30-2024"]
[Site "Chess.com"]
[Date "2024.01.30"]
[Round "7"]
[White "vugarrasulov"]
[Black "DefiantChair"]
[Result "1-0"]
[WhiteElo "2943"]
[BlackElo "2630"]
[TimeControl "180+1"]
[EndTime "15:18:31 PST"]
[Termination "vugarrasulov won by checkmate"]

1. e4 c5 2. Nf3 d6 3. Bc4 Nc6 4. O-O e6 5. c3 Nf6 6. Re1 g6 7.
d4 cxd4 8. cxd4 Bg7 9. d5 Ne5 10. Nxe5 dxe5 11. dxe6 Bxe6 12. Bxe6 fxe6 13. Qb3 Qe7 14.
Bg5 O-O 15. Nc3 h6 16. Bh4 g5 17. Bg3 Nh5 18. Rad1 Nf4 19. Bxf4 exf4 20. e5 Rad8 21. Rd6 Rfe8 22. Nb5 a6 23. Nd4 Rxd6 24. Nf5 Qd7 25. Nxd6 Rf8 26. h4 f3 27. hxg5 hxg5 28. Qxb7 Qxb7 29. Nxb7 Rb8 30. Nc5 Rxb2 31. Nxe6 Re2 32.
Rd1 Bxe5 33. Rd8+ Kf7 34. Nxg5+ Ke7 35. Rd1 fxg2 36. a4 Bc7 37. Rd4 Ra2 38. Kxg2 Bb6 39. Re4+ Kf6 40. Nh3 Kf5 41. Rb4 Bc5 42. Rc4 Bd6 43. Ng1 a5 44. Nf3 Bb4 45. Nd4+ Kg6 46. Kg3 Rxa4 47. Kg4 Ra1 48. Rc6+ Kf7 49. f4 Rd1 50.
Nf3 Rd6 51. Rc7+ Kf6 52. Ng5 Ra6 53. Rf7+ Kg6 54. f5+ Kh6 55. Rh7# 1-0

[Event "Late-Titled-Tuesday-Blitz-January-30-2024"]
[Site "Chess.com"]
[Date "2024.01.30"]
[Round "7"]
[White "ameetghasi100"]
[Black "Brahianzevich"]
[Result "1-0"]
[WhiteElo "2749"]
[BlackElo "2424"]
[TimeControl "180+1"]
[EndTime "15:18:32 PST"]
[Termination "ameetghasi100 won by resignation"]

1. d4 d5 2. Nf3 e6 3. e3 Nf6 4. Bd3 c5 5. b3 Nc6 6. a3 Bd6 7. Bb2 O-O 8. O-O b6 9. Nbd2 Bb7 10.
dxc5 Bxc5 11. b4 Be7 12. c4 Rc8 13. Rc1 dxc4 14. Nxc4 Nd5 15. Qe2 Bf6 16. Rfd1 Bxb2 17. Qxb2 Qe7 18. h4 Rfd8 19. Bb1 Nf6 20. b5 Rxd1+ 21.
Rxd1 Nb8 22. Nce5 Nbd7 23. a4 Nxe5 24. Nxe5 Rd8 25. Rc1 Ne4 26. Bxe4 Bxe4 27. f3 Bb7 28.
Qf2 f6 29. Ng4 h5 30. Nh2 Rc8 31. Rd1 Rd8 32. Qe1 Rxd1 33. Qxd1 Qc5 34. Nf1 Qd5 35. Qc2 Kf7 36. Qc7+ Kg6 37. Qb8 Qd7 38. Qxa7 Qc7 39. a5 bxa5 40. b6 Qc6 41. Qxa5 f5 42. Qb4 Kf6 43.
Qb2+ Kf7 44. Ng3 g6 45. Ne2 Ba6 46. Nd4 Qd5 47. Qb4 e5 48. Nb3 Qd1+ 49. Kh2 Qd7 50. Nc5 Qc8 51. Qb3+ Kf6 52. Qd5 Bb5 53. Qd6+ Kg7 54. b7 Qxb7 55. Nxb7 1-0

[Event "Late-Titled-Tuesday-Blitz-January-30-2024"]
[Site "Chess.com"]
[Date "2024.01.30"]
[Round "7"]
[White "Alexander_Donchenko"]
[Black "oskariot"]
[Result "1-0"]
[WhiteElo "2936"]
[BlackElo "2755"]
[TimeControl "180+1"]
[EndTime "15:18:33 PST"]
[Termination "Alexander_Donchenko won by resignation"]

1. Nf3 c5 2. c4 Nf6 3. Nc3 d6 4. e3 g6 5. d4 Nc6 6. dxc5 dxc5 7. Qxd8+ Nxd8 8. b3 Bg7 9. Bb2 Ne4 10. Na4 Bxb2 11.
Nxb2 b6 12. Bd3 Bb7 13. Na4 f6 14. Ke2 Nf7 15. Bxe4 Bxe4 16. Nc3 Bc6 17. h4 O-O-O 18. a4 a5 19. Rad1 Rxd1 20. Rxd1 Rd8 21. Rxd8+ Kxd8 22. g3 Kd7 23. Nd2 Ne5 24. Nd5 Kd6 25. Ne4+ Ke6 26. Nec3 Nd7 27. Nc7+ Kd6 28. Ne8+ Ke6 29. e4 Kf7 30.
Nc7 e6 31. f4 Ke7 32. Ke3 h5 33. N7b5 Nb8 34. Na3 Na6 35. Nc2 Nb4 36. Ne1 Kd6 37.
Ne2 e5 38. Nc3 f5 39. exf5 gxf5 40. fxe5+ Kxe5 41. Nb5 Be4 42. Nc7 Bb1 43. Na8 Ba2 44. Nf3+ Kd6 45. Nxb6 Bxb3 46. Nd2 Bc2 47. Kf4 Kc6 48. Nc8 Bxa4 49. Ne7+ Kd7 50. Nxf5 Bc2 51.
Ne3 Bd3 52. Nb3 Na6 53. Nxa5 Kc7 54. Nd5+ Kd6 55. Nf6 Nb4 56. Nxh5 Kc7 57. Nb3 Kb6 58. Nd2 Nc2 59. Nf6 Na3 60. Nd5+ Kc6 61. Ne3 Kd6 62.
h5 Ke6 63. g4 Kf6 64. g5+ Ke6 65. Nb3 Kd6 66. Na5 Ke6 67. Nb7 Bxc4 68. Nxc5+ Kf7 69. g6+ Kf6 70. Ne4+ Ke7 71. h6 Bd3 72. h7 1-0

[Event "Late-Titled-Tuesday-Blitz-January-30-2024"]
[Site "Chess.com"]
[Date "2024.01.30"]
[Round "7"]
[White "NovakRatko"]
[Black "rcmz"]
[Result "1-0"]
[WhiteElo "2399"]
[BlackElo "2143"]
[TimeControl "180+1"]
[EndTime "15:18:35 PST"]
[Termination "NovakRatko won by resignation"]

1. d4 d6 2. c4 Nd7 3. f4 h6 4. Nf3 g5 5. fxg5 Bg7 6. Nc3 Nf8 7. e4 Ne6 8. gxh6 Nxh6 9. Be2 c6 10. d5 Nf8 11.
Bf4 Ng6 12. Bg3 Ng4 13. Qd3 Qa5 14. O-O-O Bxc3 15. Qxc3 Qxa2 16. h3 Nf6 17. e5 Ne4 18.
Qd4 Nxg3 19. Bd3 Nxh1 20. exd6 Rg8 21. Rxh1 Qa1+ 22. Bb1 Qa5 23. dxe7 c5 24. Qf6 Qb6 25. d6 Qb3 26. Bc2 Qxc4 27. Ng5 Qf4+ 28. Qxf4 Nxf4 29.
Nh7 Nd5 30. Rd1 Rh8 31. Rxd5 Rxh7 32. Bxh7 Be6 33. Rxc5 Kd7 34. Rc7+ Kxd6 35. Rxb7 a5 36. g4 Rc8+ 37. Kd2 a4 38. Bf5 Rh8 39. Bxe6 fxe6 40. h4 Re8 41. h5 Rg8 42. h6 Re8 43. g5 Ke5 44. g6 Kf5 45. g7 Kg6 46. Rb6 Kxh6 47.
Rxe6+ Kxg7 48. Kc3 Kf7 49. Re3 Rc8+ 50. Kb4 Rb8+ 51. Kxa4 Ke8 52. b4 Rb7 53. b5 Rxe7 54. Rxe7+ Kxe7 55. Ka5 Kd7 56. Kb6 Kc8 57. Ka7 Kc7 58.
b6+ 1-0